 Dungeon Crawl Stone Soup version 0.28-a0-503-g83f2989fac (webtiles) character file.

Game seed: 12485764150680585750

10670 robertstho the Thaumaturge (level 11, -5/76 HPs)
             Began as a Djinni Fire Elementalist on Sept 20, 2021.
             Was an Initiate of Gozag.
             Killed from afar by a gargoyle (27 damage)
             ... with a stone arrow
             ... on level 11 of the Dungeon.
             The game lasted 00:17:17 (15385 turns).

robertstho the Thaumaturge (DjFE)                  Turns: 15385, Time: 00:17:17

Health: -5/76      AC: 15    Str: 11    XL:     11   Next: 97%
Gold:   473        EV: 13    Int: 23    God:    Gozag SH:  6 Dex: 14

rFire   + + +      SeeInvis .   I - +10 trident "Atsuhe" {vorpal, rElec MP+9 Str+4}
rCold   x . .      Faith    .   M - +2 buckler {AC+3}
rNeg    . . .      Spirit   .   z - +2 robe of the Stag {rF+ Slay+3}
rPois   ∞          Reflect  .   E - +0 helmet {Int+3}
rElec   +          Harm     .   t - +2 cloak
rCorr   +          Rampage  .   (no gloves)
Will    +....                   (boots unavailable)
Stlth   +++.......              (no amulet)
HPRegen 0.22/turn               y - ring of resist corrosion
MPRegen 0.00/turn               Q - +4 ring of protection

@: gold aura, flying
A: sickness immunity, fire resistance 2, cold vulnerability 1, float, innate
caster, hp casting, extra vitality 1
a: Renounce Religion, Potion Petition, Call Merchant, Bribe Branch


You were on level 11 of the Dungeon.
You worshipped Gozag.
Gozag was aware of your devotion.
You visited 3 branches of the dungeon, and saw 13 of its levels.
You also visited: Ossuary.

You collected 1493 gold pieces.
You spent 934 gold pieces at shops.
You paid 86 gold pieces to Gozag.

Inventory:

Hand Weapons
 c - a +0 dagger of freezing
 e - a +1 dagger of electrocution
 q - the +5 trident of Bumaud {vorpal, rF+ rN+}
   (You found it on level 4 of the Dungeon)

   It inflicts extra damage upon your enemies.
   rF:        It protects you from fire.
   rN:        It protects you from negative energy.
 D - a +0 halberd of flaming
 I - the +10 trident "Atsuhe" (weapon) {vorpal, rElec MP+9 Str+4}
   (You found it on level 8 of the Dungeon)

   It inflicts extra damage upon your enemies.
   Str:       It affects your strength (+4).
   rElec:     It insulates you from electricity.
   MP:        It affects your magic capacity (+9).
Missiles
 F - 3 throwing nets
Armour
 t - a +2 cloak (worn)
 w - +0 steam dragon scales
 z - the +2 robe of the Stag (worn) {rF+ Slay+3}
   (You bought it in a shop on level 3 of the Dungeon)

   Slay:      It affects your accuracy & damage with ranged weapons and melee
   (+3).
   rF:        It protects you from fire.
 E - a +0 helmet of intelligence (worn)
 L - a +2 scale mail of fire resistance
 M - a +2 buckler of protection (worn)
 N - the +2 robe "Han Cuma" {rCorr Str+2 Dex+7 Stlth-}
   (You bought it in a shop on level 1 of the Dungeon)

   Str:       It affects your strength (+2).
   Dex:       It affects your dexterity (+7).
   rCorr:     It protects you from acid and corrosion.
   Stlth:     It makes you less stealthy.
Jewellery
 x - a ring of protection from fire
 y - a ring of resist corrosion (left hand)
 Q - a +4 ring of protection (right hand)
Wands
 A - a wand of polymorph (13)
 O - a wand of iceblast (4)
Scrolls
 a - a scroll of torment
 d - 3 scrolls of blinking
 h - 8 scrolls of teleportation
 k - 2 scrolls of brand weapon
 l - 2 scrolls of vulnerability
 m - 4 scrolls of fog
 o - 2 scrolls of enchant armour
 u - 2 scrolls of immolation
 C - a scroll of magic mapping
 G - 4 scrolls of identify
 J - a scroll of summoning {unknown}
 K - a scroll of fear
Potions
 b - 3 potions of heal wounds
 f - 2 potions of brilliance
 g - a potion of invisibility
 i - 2 potions of lignification {unknown}
 j - 2 potions of attraction {unknown}
 n - 5 potions of mutation
 p - 4 potions of might {unknown}
 r - 7 potions of curing
 s - 3 potions of cancellation
 v - a potion of ambrosia {unknown}
 B - a potion of haste
 H - 3 potions of flight {unknown}
 P - a potion of berserk rage {unknown}


   Skills:
 * Level 6.2 Fighting
 + Level 1.3 Short Blades
 + Level 4.7 Polearms
 + Level 4.9 Dodging
 + Level 3.9 Stealth
 + Level 0.9 Shields
 * Level 11.4 Spellcasting


You had 7 spell levels left.
You knew the following spells:

 Your Spells              Type           Power      Damage    Failure   Level
a - Foxfire               Conj/Fire      100%       2x1d9     1%          1
b - Scorch                Fire           100%       2d10      1%          2
c - Conjure Flame         Conj/Fire      60%        6-21      1%          3
d - Inner Flame           Hex/Fire       60%        N/A       1%          3
e - Flame Wave            Conj/Fire      60%        3d11      1%          4
f - Shock                 Conj/Air       100%       1d9       1%          1
g - Call Imp              Summ           60%        N/A       1%          2
h - Static Discharge      Conj/Air       60%        N/A       1%          2
i - Call Canine Familiar  Summ           60%        N/A       1%          3
j - Summon Ice Beast      Ice/Summ       60%        N/A       1%          4
Your spell library was empty.

Dungeon Overview and Level Annotations

Branches:
Dungeon (11/15)            Temple (1/1) D:6             Orc (1/2) D:9
Ossuary (visited)
   Lair: D:8-11

Altars:
Cheibriados
Fedhas
Gozag
Hepliaklqana
Kikubaaqudgha
Nemelex Xobeh
Ru
Sif Muna
Uskayaw
Vehumet
Wu Jian
Xom
Zin

Shops:
D:1 [   D:3 [

Annotations:
D:6 2 transporters, TODO's ghost, novice MiFi
Orc:1 Sonja


Innate Abilities, Weirdness & Mutations

You are immune to sickness and miasma.
You are immune to poison.
Your flesh is very heat resistant. (rF++)
You are vulnerable to cold. (rC-)
You float through the air rather than walking.
You learn spells naturally, not from books.
Your magical power is your life essence.
You have superior vitality. (+4 HP)


Message History

The gargoyle barely misses your wolf.
Your ice beast barely misses the gargoyle.
Your wolf bites the gargoyle.
The gargoyle completely misses your wolf.
Your wolf bites the gargoyle but does no damage.
Your ice beast hits the gargoyle but does no damage.
Your wolf bites the gargoyle but does no damage.
The gargoyle hurls a stone arrow at your ice beast.
The stone arrow hits your ice beast!!
Your ice beast dies!
Your ice beast disappears in a puff of smoke!
Your wolf bites the gargoyle but does no damage.
The centaur warrior zombie hits you but does no damage.
The centaur warrior zombie kicks you.
Your wolf bites the gargoyle but does no damage.
The gargoyle hits your wolf with a +0 flail of protection!
Your wolf dies!
Your wolf's corpse disappears in a puff of smoke!
Casting: Summon Ice Beast (mildly dangerous; 1% risk of failure)
Confirm with . or Enter, or press ? or * to list all spells.
A chill wind blows around you.
The centaur warrior zombie hits you but does no damage.
The centaur warrior zombie closely misses you.
Unknown command.
Casting: Summon Ice Beast (mildly dangerous; 1% risk of failure)
Confirm with . or Enter, or press ? or * to list all spells.
You don't know that spell.
Unknown command.
Casting: Summon Ice Beast (mildly dangerous; 1% risk of failure)
Confirm with . or Enter, or press ? or * to list all spells.
* * * LOW HITPOINT WARNING * * *
The centaur warrior zombie is distracted by your dazzling golden aura.
The gargoyle hurls a stone arrow at you.
You block the stone arrow.
Unknown command.
You swap places.
The gargoyle hurls a stone arrow at you.
The stone arrow misses your warg. The stone arrow hits you!!
You die...
Your body crumbles into a pile of gold.

... #..# #..#
#..# ### #..#
....
#..######.....
#....Y9..$....
#...@hZ$$.#
#..######.#
#..# #<.# #..#
####


You could see a gargoyle, a centaur warrior zombie (unaware, ally target), a
friendly warg (summoned) and a friendly ice beast (summoned).

Vanquished Creatures
  Erolcha (D:9)
  An orc high priest (Orc:1)
  An orc sorcerer (Orc:1)
  3 trolls
  Sigmund (D:2)
  A shadow (D:7)
  6 yaks (D:10)
  A wraith (D:8)
  2 steam dragons
  Grum (D:11)
  A warg (D:9)
  A water moccasin (D:8)
  Duvessa (D:6)
  2 acid dragons (D:9)
  10 orc warriors
  2 ice beasts
  2 ogres
  A necrophage (D:7)
  7 centaurs
  2 wolves (D:11)
  A phantom (D:4)
  2 kobold brigands
  4 bullfrogs
  8 scorpions
  A wyvern zombie (D:5)
  3 gnoll sergeants
  Dowan (D:6)
  A water moccasin zombie (D:7)
  A water moccasin skeleton (D:4)
  3 wights (D:9)
  4 killer bees (D:8)
  5 centaur zombies
  2 human zombies (Ossuary)
  A bullfrog skeleton (D:5)
  A hound (D:6)
  Crazy Yiuf (D:4)
  2 gnoll shamans (D:6)
  5 orc priests
  A jelly (D:7)
  14 orc wizards
  A scorpion zombie (D:5)
  A killer bee zombie (D:5)
  2 mummies (Ossuary)
  A howler monkey zombie (D:9)
  A howler monkey skeleton (D:7)
  4 adders
  22 gnolls
  2 white imps (D:6)
  An adder skeleton (D:4)
  A worm (D:2)
  4 dart slugs
  33 orcs
  9 ball pythons
  4 endoplasms (D:1)
  2 giant cockroaches
  2 gnoll zombies (Ossuary)
  4 goblins (D:1)
  8 hobgoblins
  8 jackals
  11 kobolds
  2 quokkas
  3 bats
  2 frilled lizards (D:1)
  4 orc zombies (Ossuary)
  2 rats (D:1)
242 creatures vanquished.

Vanquished Creatures (collateral kills)
  A two-headed ogre (D:9)
  A centaur (D:8)
  A crimson imp (D:6)
  A foxfire (D:1)
4 creatures vanquished.

Vanquished Creatures (others)
  175 foxfires
175 creatures vanquished.

Grand Total: 421 creatures vanquished

Notes
Turn   | Place    | Note
-------+----------+-------------------------------------------
     0 | D:1      | robertstho the Djinni Fire Elementalist began the quest for
                  | the Orb.
     0 | D:1      | Reached XP level 1. HP: 15/15 MP: 0/0
   346 | D:1      | Reached XP level 2. HP: 14/21 MP: 0/0
   805 | D:1      | Reached skill level 3 in Spellcasting
   805 | D:1      | Reached XP level 3. HP: 18/25 MP: 0/0
   805 | D:1      | Learned a level 1 spell: Shock
  1938 | D:1      | Found Ywuceire's Antique Armour Shop.
  2086 | D:2      | Reached XP level 4. HP: 24/31 MP: 0/0
  2238 | D:2      | Found a sacrificial altar of Ru.
  2811 | D:2      | Noticed Sigmund
  2815 | D:2      | Killed Sigmund
  2816 | D:2      | Reached skill level 1 in Fighting
  2816 | D:2      | Reached skill level 4 in Spellcasting
  2816 | D:2      | Reached XP level 5. HP: 28/37 MP: 0/0
  2816 | D:2      | Learned a level 2 spell: Call Imp
  2816 | D:2      | Reached XP level 6. HP: 32/42 MP: 0/0
  3331 | D:3      | Found Merosi's Antique Armour Boutique.
  3702 | D:4      | Found a sacrificial altar of Ru.
  3752 | D:4      | Reached skill level 5 in Spellcasting
  3752 | D:4      | Reached XP level 7. HP: 40/47 MP: 0/0
  3752 | D:4      | Learned a level 2 spell: Static Discharge
  3826 | D:4      | Reached skill level 1 in Short Blades
  4408 | D:4      | Identified the +5 trident of Bumaud {vorpal, rF+ rN+}
  4771 | D:4      | Found a runed translucent door.
  4772 | D:4      | Noticed Crazy Yiuf
  4778 | D:4      | Killed Crazy Yiuf
  4845 | D:5      | Entered Level 5 of the Dungeon
  4957 | D:5      | Reached skill level 6 in Spellcasting
  4957 | D:5      | Reached XP level 8. HP: 28/54 MP: 0/0
  4972 | D:5      | Found a sand-covered staircase.
  4976 | Ossuary  | Entered an ossuary
  6151 | D:5      | Reached skill level 7 in Spellcasting
  6651 | D:6      | Found a transporter.
  6658 | D:6      | Noticed TODO's ghost (novice MiFi)
  6703 | D:6      | Found a staircase to the Ecumenical Temple.
  6726 | D:6      | Found an ornate altar of the Wu Jian Council.
  6790 | Temple   | Entered the Ecumenical Temple
  6819 | Temple   | Became a worshipper of Gozag Ym Sagoz the Greedy
  6846 | D:6      | Found a transporter.
  6854 | D:6      | Reached XP level 9. HP: 38/59 MP: 0/0
  6854 | D:6      | Learned a level 3 spell: Call Canine Familiar
  6978 | D:6      | Noticed Duvessa
  6980 | D:6      | Noticed Dowan
  6984 | D:6      | Killed Duvessa
  6985 | D:6      | Reached skill level 8 in Spellcasting
  6986 | D:6      | Killed Dowan
  7257 | D:3      | Bought an opalescent robe for 188 gold pieces
  7257 | D:3      | Identified the +2 robe of the Stag {rF+ Slay+3} (You bought
                  | it in a shop on level 3 of the Dungeon)
  7982 | D:6      | Found a sparkling altar of Nemelex Xobeh.
  7990 | D:6      | Found a hazy altar of Hepliaklqana.
  8885 | D:7      | Reached skill level 9 in Spellcasting
  9116 | D:7      | Reached skill level 1 in Polearms
  9274 | D:1      | Bought a runed helmet for 202 gold pieces
  9983 | D:7      | Reached XP level 10. HP: 60/67 MP: 0/0
 11266 | D:8      | Identified the +10 trident "Atsuhe" {vorpal, rElec MP+9
                  | Str+4}
 11805 | D:9      | Found a staircase to the Orcish Mines.
 11829 | D:9      | Reached skill level 10 in Spellcasting
 12432 | D:9      | Noticed a two-headed ogre
 12446 | D:9      | Killed a two-headed ogre
 12447 | D:9      | Reached skill level 5 in Fighting
 12595 | D:9      | Noticed Erolcha
 12602 | D:9      | Killed Erolcha
 12603 | D:9      | Reached XP level 11. HP: 39/76 MP: 0/0
 12603 | D:9      | Learned a level 4 spell: Summon Ice Beast
 12778 | D:9      | Found a hide-covered altar of Uskayaw.
 13886 | D:1      | Bought a shiny scale mail for 189 gold pieces
 13886 | D:1      | Bought a shiny buckler for 202 gold pieces
 13886 | D:1      | Bought an ancient robe for 153 gold pieces
 13886 | D:1      | Identified the +2 robe "Han Cuma" {rCorr Str+2 Dex+7
                  | Stlth-} (You bought it in a shop on level 1 of the Dungeon)
 14112 | Orc:1    | Entered Level 1 of the Orcish Mines
 14113 | Orc:1    | Noticed an orc high priest
 14118 | Orc:1    | Noticed an orc sorcerer
 14121 | Orc:1    | Killed an orc high priest
 14122 | Orc:1    | Reached skill level 11 in Spellcasting
 14122 | Orc:1    | Noticed Sonja
 14124 | Orc:1    | Noticed an orc high priest
 14126 | Orc:1    | Killed an orc sorcerer
 14128 | Orc:1    | Noticed an orc sorcerer
 14289 | D:10     | Entered Level 10 of the Dungeon
 15342 | D:11     | Noticed Grum
 15349 | D:11     | Killed Grum
 15385 | D:11     | Killed from afar by a gargoyle

Illustrated notes

Levels and vault maps discovered:
D:1:      lightli_arrival_windingriver, layout_loops_cross, serial_shops, shop
D:2:      layout_loops_ring, basic_altar, uniq_sigmund
D:3:      layout_basic, chequers_temple_overflow_minitemple, serial_shops,
          nicolae_lakefront_shop, hangedman_glass_teeth, minivault_26,
          kennysheep_generic_room_2
D:4:      layout_loops_ring, mainiacjoe_overflow_chevrons,
          nicolae_vehumet_altar_sigil, uniq_crazy_yiuf_cottage
D:5:      layout_loops_ring, nicolae_ossuary_entry_plus
D:6:      layout_gridville, amethyst_overflow_temple_binary,
          nzn_wu_jian_contemplation, minmay_temple_entry_antechambers,
          gammafunk_ghost_stat_death, minmay_fire_ice_demons, uniq_duvessa
D:7:      layout_basic
D:8:      layout_loops_ring
D:9:      layout_roguey, nicolae_uskayaw_dance_studio, david_orc_1_choice,
          uniq_erolcha
D:10:     layout_loops_ring
D:11:     gammafunk_beogh_shrine, layout_long_grid, minmay_lair_entry_grove,
          serial_rivers, chequers_serial_rivers_small_a,
          chequers_serial_rivers_room_b, chequers_serial_rivers_micro_b,
          chequers_serial_rivers_micro_b,
          nicolae_dithmenos_through_a_glass_darkly, uniq_grum, uniq_psyche,
          uniq_urug
Temple:   hc_temple_tempest_star
Orc:1:    minmay_goldmine, layout_caves, serial_shops,
          nicolae_shop_behind_doors, enter_bailey_2, mines2_lemuel, uniq_sonja

Skill      XL: |  1  2  3  4  5  6  7  8  9 10 11 |
---------------+----------------------------------+-----
Spellcasting   | 3 4 5 6 7 9 10 11 | 11.4
Fighting       | 1 2 3 5 6 |  6.2
Stealth        | 2 3 |  3.9
Short Blades   | 1 |  1.3
Dodging        | 3 4 |  4.9
Polearms       | 1 3 4 |  4.7
Shields        | |  0.9

Action                   |  1- 3 |  4- 6 |  7- 9 | 10-12 || total
-------------------------+-------+-------+-------+-------++-------
Melee: Unarmed           |     1 |       |       |       ||     1
       Dagger            |    11 |    16 |     2 |       ||    29
       Trident           |       |       |    42 |    66 ||   108
 Cast: Foxfire           |    57 |       |    18 |    43 ||   118
       Scorch            |    11 |    25 |   140 |    12 ||   188
       Flame Wave        |       |       |     4 |    34 ||    38
       Call Canine Famil |       |       |     2 |     5 ||     7
       Summon Ice Beast  |       |       |       |     2 ||     2
  Use: Scroll            |     2 |       |    13 |       ||    15
       Potion            |       |       |     2 |       ||     2
 Stab: Sleeping          |     1 |       |     1 |     1 ||     3
Armor: Robe              |     3 |     5 |    29 |    31 ||    68
       Steam dragon scal |       |       |     3 |       ||     3
Dodge: Dodged            |     9 |    20 |    64 |    74 ||   167
Block: Buckler           |       |       |       |    15 ||    15

Table legend: (Time is in decaauts)
 A = Elapsed time spent in this place.
 B = Non-inter-level travel time spent in this place.
 C = Inter-level travel time spent in this place.
 D = Time resting spent in this place.
 E = Time spent auto-exploring this place.
 F = Levels seen in this place.
 G = Mean time per level.
                   A        B        C        D        E       F      G
               +--------+--------+--------+--------+--------+-----+--------+
         Total |  15421 |  14080 |   1341 |   1215 |  11401 |  14 | 1101.5 |
       Dungeon |  14642 |  13313 |   1329 |   1093 |  10888 |  11 | 1331.1 |
        Temple |     40 |     29 |     11 |      0 |     20 |   1 |   40.0 |
  Orcish Mines |     16 |     16 |      0 |      0 |      0 |   1 |   16.0 |
       Ossuary |    720 |    720 |      0 |    122 |    493 |   1 |  720.0 |
               +--------+--------+--------+--------+--------+-----+--------+

Top non-repeatable levels by time:
     D:9: 2299 daAuts
     D:1: 2250 daAuts
     D:6: 1658 daAuts
     D:8: 1571 daAuts
     D:4: 1438 daAuts
     D:7: 1329 daAuts
     D:5: 1310 daAuts
    D:10: 1052 daAuts
     D:2: 878 daAuts
     D:3: 810 daAuts
 Ossuary: 720 daAuts
    D:11: 45 daAuts
  Temple: 40 daAuts
   Orc:1: 16 daAuts
